cohdb
Replays
Latest Replays
All Replays
Popular Replays
Top Player Replays
Match Explorer
How It Works
Community
CoH3 Stats
Reddit
Sign in to upload your games and track your stats! →
Sign in with Steam
Match 29318575
Unlisted
Match 29318575
Overview
Messages
Build Orders
End
Vickers Machine Gun Team
Construct Section Command Post
Infantry Section
Infantry Section
Construct Platoon Command Post
Unlock Bishop Self-propelled Artillery
Bishop Self-propelled Artillery
Selects Indian Artillery Battlegroup
Selects Artillery Saturation
Bishop Self-propelled Artillery
Bishop Self-propelled Artillery
6-pounder Anti-tank Gun Team
6-pounder Anti-tank Gun Team
6-pounder Anti-tank Gun Team
Visetiisen
exel
PL_Pawelpawel94
HulkSMASH
NotQuiteAKing
유파_Yupa
GhostDePhantom
TroxussyEnjoyer
0
0
Comments
sign in to comment!
No comments posted yet!